 Dungeon Crawl Stone Soup version 0.24.0-5-g267a8d59f4 (webtiles) character file.

Game seed: 11049985590132296807, levelgen mode: deterministic

163 Aelig the Stinger (level 5, -4/42 HPs)
             Began as a Naga Venom Mage on Nov 1, 2019.
             Slain by Grinder (6 damage)
             ... on level 3 of the Dungeon.
             The game lasted 00:06:14 (3129 turns).

Aelig the Stinger (Naga Venom Mage)                 Turns: 3129, Time: 00:06:17

Health: -4/42      AC:  2    Str: 11    XL:     5   Next: 44%
Magic:  2/8        EV: 10    Int: 16    God:
Gold:   64         SH:  0    Dex: 11    Spells: 5/8 levels left

rFire    . . .     SeeInvis +   f - +0 dagger
rCold    . . .     Gourm    .   (no shield)
rNeg     . . .     Faith    .   a - +0 robe
rPois    +         Spirit   .   (no helmet)
rElec    .         Reflect  .   (no cloak)
rCorr    .         Harm     .   (no gloves)
MR       .....                  (no barding)
Stlth    ++........             (no amulet)
HPRegen  0.14/turn              (no ring)
MPRegen  0.11/turn              (no ring)

@: very slightly contaminated, slowed, very slow
A: large, see invisible, deformed body, poison resistance, slowness 2, slow
metabolism 1, spit poison 1, AC +1
a: Spit Poison


You were on level 3 of the Dungeon.
You were not hungry.

You visited 1 branch of the dungeon, and saw 3 of its levels.

You collected 64 gold pieces.

Inventory:

Hand Weapons
 f - a +0 dagger (weapon)
Armour
 a - a +0 robe (worn)
Jewellery
 m - an uncursed ring of resist corrosion {unknown}
Scrolls
 b - a scroll of teleportation {unknown}
 d - 2 scrolls of identify
 e - a scroll of fog
 i - 3 scrolls of remove curse
Potions
 g - a potion of cancellation {unknown}
 h - 2 potions of mutation {unknown}
 k - a potion of haste {unknown}
 l - a potion of curing
Comestibles
 c - 5 rations
 j - 2 chunks of flesh


   Skills:
 - Level 1.7 Dodging
 - Level 3.2 Stealth
 - Level 2.1 Spellcasting
 - Level 1.2 Conjurations
 + Level 3.0 Air Magic
 - Level 6.1 Poison Magic


You had 5 spell levels left.
You knew the following spells:

 Your Spells              Type           Power        Failure   Level  Hunger
a - Sting                 Conj/Pois      ##..         4%          1    #......
b - Poisonous Vapours     Pois/Air       ###...       4%          2    ###....

Your spell library contained the following spells:

 Spells                   Type           Power        Failure   Level  Hunger
 Mephitic Cloud           Conj/Pois/Air  ##......     14%         3    ###....
 Olgreb's Toxic Radiance  Pois           ###.....     17%         4    #####..
 Venom Bolt               Conj/Pois      ##........   77%         5    ######.


Dungeon Overview and Level Annotations

Branches:
Dungeon (3/15)

Altars:
Hepliaklqana

Annotations:
D:3 Grinder


Innate Abilities, Weirdness & Mutations

You cannot wear boots.
Your serpentine skin is tough. (AC +1)
You have supernaturally acute eyesight. (SInv)
Armour fits poorly on your strangely shaped body.
Your system is resistant to poisons. (rPois)
You cover ground very slowly.
You have a slow metabolism.
You can spit poison.


Message History

Training target 6.0 for Poison Magic reached!
Your Air Magic skill increases to level 3!
Your Poison Magic skill increases to level 6!
Grinder comes into view.
Grinder shouts!
Grinder blinks!
Grinder gestures at you. Pain shoots through your body!
As you read the scroll labeled GIF QINA JOY, it crumbles to dust.
You feel blessed for a moment.
It was a scroll of remove curse.
Grinder hits you.
You writhe in agony.
As you read the scroll labeled COMUJEAGEOL, it crumbles to dust.
It is a scroll of identify.
e - a scroll of fog Grinder hits you.
You writhe in agony.
* * * LOW HITPOINT WARNING * * *
Grinder hits you!
* * * LOW HITPOINT WARNING * * *
You writhe in agony.
You die...

####.. #....#### #.
#........ . #.
..####....#### 5 #.
..........†..#
#.#.###########.####.#
#.#..)..........# #.#
#....†.......#..####.#
#...5@..#..........w.#
#.....#.#.####..######
#..##.#.#.#.....#.....
#.......#.##....#.....
#####.#.####.##....#.....
......[............#.....
#####.#.####.####.##.....
#.#............+..... #
#.......###.##.....


You could see Grinder.

Vanquished Creatures
  Natasha (thrice) (D:3)
  4 adders (D:2)
  A worm (D:3)
  2 dart slugs
  2 leopard geckos
  An orc (D:3)
  2 giant cockroaches (D:1)
  4 goblins
  2 hobgoblins
  6 jackals
  2 quokkas (D:3)
  5 bats
  3 frilled lizards
  3 kobolds
  8 rats
48 creatures vanquished.

Notes
Turn   | Place    | Note
-------+----------+-------------------------------------------
     0 | D:1      | Aelig the Naga Venom Mage began the quest for the Orb.
     0 | D:1      | Reached XP level 1. HP: 15/15 MP: 3/3
   362 | D:1      | Reached XP level 2. HP: 15/22 MP: 0/5
   419 | D:1      | Learned a level 2 spell: Poisonous Vapours
   836 | D:1      | You fall into a shaft and drop 1 floor!
   871 | D:2      | Found a hazy altar of Hepliaklqana.
   891 | D:2      | Reached skill level 1 in Air Magic
   891 | D:2      | Reached XP level 3. HP: 21/28 MP: 0/6
  1308 | D:2      | Reached skill level 5 in Poison Magic
  1571 | D:2      | Reached XP level 4. HP: 36/36 MP: 3/7
  2217 | D:3      | Found a faded altar of an unknown god.
  2331 | D:3      | Noticed Natasha
  2339 | D:3      | Killed Natasha
  2995 | D:3      | Noticed Natasha
  3002 | D:3      | Killed Natasha
  3002 | D:3      | Reached XP level 5. HP: 24/42 MP: 0/8
  3118 | D:3      | Noticed Natasha
  3123 | D:3      | Killed Natasha
  3123 | D:3      | Reached skill level 6 in Poison Magic
  3125 | D:3      | Noticed Grinder
  3129 | D:3      | HP: 2/42 [Grinder (10)]
  3129 | D:3      | Slain by Grinder

Levels and vault maps discovered:
D:1:      dpeg_arrival_ternary, layout_rooms, palyth_stone_intersect,
          nrook_mini_backslash
D:2:      layout_loops_corners, overflow_temple_1_default, first_ration
D:3:      layout_basic, chequers_ecumenical_altar_simple_redux,
          minmay_misc_feat_plants, minivault_24, grunt_ministairs_14,
          uniq_grinder, uniq_natasha, uniq_sigmund

Skill      XL: |  1  2  3  4  5 |
---------------+----------------+-----
Air Magic      | 1 2 3 |  3.0
Poison Magic   | 5 6 |  6.1
Dodging        | |  1.7
Stealth        | |  3.2
Spellcasting   | |  2.1
Conjurations   | |  1.2

Action                   |  1- 3 |  4- 6 || total
-------------------------+-------+-------++-------
Melee: Unarmed           |    39 |       ||    39
       Dagger            |       |    27 ||    27
 Cast: Sting             |    44 |    32 ||    76
       Poisonous Vapours |     9 |    13 ||    22
  Use: Scroll            |       |     2 ||     2
 Stab: Sleeping          |       |     1 ||     1
  Eat: Chunk             |     2 |     2 ||     4
       Ration            |       |     1 ||     1
Armor: Robe              |     7 |     6 ||    13
Dodge: Dodged            |    31 |    12 ||    43
